Map: Odyssey LE

Players

llllllllllll (Zest) - Winner!

  • Race: Protoss Protoss
  • League: Master
  • Spawn Location: 11:00

Elazer

  • Race: Zerg Zerg
  • League: Master
  • Spawn Location: 5:00

Event: HomeStory Cup XV

VOD

Have the link to the VOD?

Description

Time

  • Played on: July 22, 2017, 1:22 p.m.
  • Length: 7:33

All games in this series

Show
View Real Time Build Order
Export as new Build Order

llllllllllll Protoss - Winner!

Build Orders: Nexus First, Oracle Opening, Zealot Archon 

Get SALT Encoding   

  12  0:00  Probe (Chrono Boost)  
  13  0:11  Probe (Chrono Boost)  
  14  0:18  Pylon  
  14  0:22  Probe (Chrono Boost)  
  15  0:36  Probe (Chrono Boost)  
  16  0:47  Probe (Chrono Boost)  
  17  0:58  Nexus  
  17  1:07  Gateway  
  17  1:11  Probe (Chrono Boost)  
  18  1:16  Assimilator  
  18  1:21  Probe (Chrono Boost)  
  18  1:23  Assimilator  
  19  1:32  Probe (Chrono Boost)  
  20  1:37  Gateway  
  20  1:42  Probe (Chrono Boost)  
  21  1:53  Probe (Chrono Boost)  
  22  1:55  Cybernetics Core  
  22  2:04  Probe (Chrono Boost)  
  23  2:10  Probe (Chrono Boost)  
  23  2:14  Probe (Chrono Boost)  
  25  2:21  Probe (Chrono Boost)  
  26  2:25  Probe (Chrono Boost)  
  27  2:31  Probe (Chrono Boost), Adept x2 (Chrono Boost)  
  27  2:32  Warp Gate  
  27  2:35  Probe  
  33  2:41  Pylon  
  33  2:47  Stargate  
  33  2:48  Probe (Chrono Boost)  
  33  2:50  Probe (Chrono Boost)  
  35  2:57  Adept  
  37  3:00  Adept  
  37  3:02  Probe (Chrono Boost)  
  37  3:05  Probe (Chrono Boost)  
  41  3:13  Probe (Chrono Boost)  
  41  3:15  Probe (Chrono Boost)  
  41  3:18  Pylon  
  43  3:23  Probe (Chrono Boost)  
  43  3:26  Probe (Chrono Boost)  
  45  3:34  Probe (Chrono Boost)  
  44  3:35  Oracle (Chrono Boost), Mothership Core (Chrono Boost)  
  44  3:41  Assimilator  
  47  3:44  Assimilator  
  47  3:45  Probe  
  48  3:54  Pylon, Probe  
  48  3:57  Probe  
  50  4:05  Probe  
  50  4:07  Phoenix (Chrono Boost)  
  50  4:09  Nexus  
  54  4:10  Probe  
  54  4:14  Pylon  
  54  4:15  Probe  
  54  4:22  Probe  
  54  4:23  Robotics Facility  
  56  4:26  Probe  
  57  4:37  Twilight Council  
  57  4:38  Forge  
  57  4:40  Gateway  
  57  4:43  Gateway  
  57  4:45  Probe  
  57  4:46  Probe  
  59  4:58  Protoss Ground Weapons Level 1  
  59  4:59  Adept x2  
  63  5:10  Warp Prism (Chrono Boost)  
  63  5:13  Charge (Chrono Boost)  
  65  5:15  Templar Archives  
  65  5:23  Gateway  
  65  5:25  Gateway  
  65  5:27  Gateway  
  65  5:34  Pylon, Adept  
  67  5:35  Zealot  
  66  5:42  Observer (Chrono Boost)  
  66  5:45  Probe x2  
  66  5:49  Gateway  
  68  5:51  Probe, Gateway  
  69  5:58  Probe x2, Pylon  
  69  6:03  Pylon  
  71  6:06  High Templar x2  
  71  6:07  High Templar x2  
  71  6:10  Pylon, Archon  
  79  6:11  Archon  
  79  6:14  Probe  
  79  6:15  Probe x2  
  82  6:20  Pylon  
  82  6:27  Pylon  
  82  6:31  Zealot x3  
  88  6:34  Probe x2  
  90  6:41  Probe  
  90  6:46  Probe  
  86  6:51  Zealot  
  86  6:52  Zealot x5  
  86  6:53  Zealot x3  
  104  7:13  Zealot x9  
  116  7:20  Assimilator  
  116  7:24  Assimilator  
Show
View Real Time Build Order
Export as new Build Order

Elazer Zerg 

Build Orders: Hatch First 

Get SALT Encoding   

  12  0:00  Drone  
  13  0:12  Overlord  
  13  0:17  Drone  
  14  0:30  Drone  
  14  0:31  Drone  
  14  0:34  Drone  
  17  0:50  Hatchery  
  17  0:53  Drone  
  17  0:57  Drone  
  18  1:07  Extractor  
  17  1:12  Spawning Pool  
  17  1:15  Drone  
  17  1:18  Drone  
  18  1:28  Drone  
  19  1:39  Overlord  
  19  1:50  Drone  
  20  1:58  Queen  
  20  2:00  Drone  
  23  2:02  Queen  
  23  2:03  Zergling x2  
  23  2:06  Metabolic Boost  
  26  2:10  Drone  
  26  2:13  Drone  
  29  2:22  Drone  
  29  2:25  Drone  
  30  2:36  Hatchery  
  29  2:38  Drone  
  29  2:43  Pneumatized Carapace  
  30  2:49  Drone x2  
  32  2:54  Overlord  
  32  2:56  Zergling x2  
  32  2:58  Zergling x2  
  34  3:05  Zergling x2  
  35  3:08  Drone  
  35  3:12  Queen  
  38  3:16  Drone x2  
  38  3:17  Drone x2  
  43  3:20  Drone  
  42  3:29  Drone  
  42  3:30  Drone  
  41  3:37  Drone  
  41  3:38  Drone x2  
  43  3:41  Drone  
  43  3:44  Spore Crawler  
  43  3:46  Spore Crawler, Drone  
  43  3:47  Drone  
  44  3:48  Drone  
  44  3:53  Queen  
  44  3:55  Overlord  
  47  3:57  Drone  
  47  3:59  Drone  
  47  4:00  Drone  
  50  4:05  Spore Crawler  
  50  4:07  Drone  
  50  4:16  Zergling x4, Overlord  
  52  4:17  Drone  
  52  4:18  Drone x2  
  52  4:20  Drone x2  
  52  4:23  Drone  
  58  4:33  Queen, Overlord  
  58  4:35  Drone x2  
  58  4:37  Zergling x2  
  58  4:38  Zergling x2  
  64  4:42  Zergling x2  
  64  4:43  Zergling x2  
  66  4:54  Drone x3  
  66  4:55  Drone x2  
  66  4:56  Hatchery  
  70  5:00  Drone x2  
  70  5:05  Overlord  
  70  5:06  Drone x2  
  73  5:07  Drone  
  73  5:11  Lair  
  73  5:13  Evolution Chamber, Extractor  
  72  5:14  Queen  
  72  5:19  Overlord  
  74  5:22  Extractor  
  74  5:23  Baneling Nest, Drone x3  
  74  5:24  Drone  
  74  5:25  Drone  
  74  5:27  Overlord  
  77  5:32  Drone x2  
  78  5:36  Drone x2  
  78  5:37  Drone  
  78  5:38  Drone  
  78  5:39  Drone  
  78  5:42  Overlord  
  80  5:46  Extractor x2  
  80  5:48  Extractor, Drone x2  
  80  5:49  Drone  
  80  5:50  Zergling x2, Overlord  
  80  5:51  Zergling x6  
  80  5:52  Queen  
  80  5:55  Overlord  
  80  5:56  Zergling x4  
  88  6:01  Zergling x2  
  88  6:02  Overlord  
  89  6:08  Baneling x4  
  89  6:09  Baneling  
  89  6:12  Zergling x2  
  89  6:13  Zergling x6, Hydralisk Den  
  89  6:14  Baneling x2  
  89  6:18  Zergling x6  
  95  6:21  Overlord  
  95  6:22  Zergling x2  
  95  6:23  Zergling x4  
  98  6:25  Overlord  
  98  6:27  Zergling x4  
  98  6:28  Zergling x2  
  94  6:40  Zergling x2  
  94  6:41  Zergling x8  
  93  6:49  Zergling x2  
  93  6:50  Zergling x12  
  99  6:59  Baneling x2  
  99  7:03  Hydralisk  
  99  7:04  Hydralisk x6  
Tags
 
Add a new tag
Caveats
  • Supply blocks, unpowered buildings, or Contaminate may cause inaccurate times.
  • Supply counts are checked every 10 seconds.